Zappo, chaotic male elven Wizard * ---- $ ---.... $ --....... |^....... |<......|. ) ---....-[- ( )! () .)... # ( ... .-) ....... -fG.. -.h.......... |-@........). |... ........ $ --.. .... --. ( * $ * Zappo the Thaumaturge Experience level: 6 Strength: 17 Dexterity: 14 Constitution: 13 Intelligence: 12 Wisdom: 11 Charisma: 10 Health: 0(31) Energy: 0(67) AC: 8 Gold: 477 Moves: 1766 Your Inventory: Coins $ - 477 gold pieces Weapons a - a blessed +1 quarterstaff A - an [uncursed] rusty [+0] dagger (weapon in hand) Armor b - an uncursed +1 cloak of magic resistance (being worn) w - an [uncursed +0] etched helmet [of opposite alignment] x - an [uncursed +0] pair of combat boots [speed] Scrolls o - a cursed scroll of destroy armor Spellbooks l - a blessed spellbook of force bolt m - an uncursed spellbook of cure blindness p - an [uncursed] parchment spellbook [of magic missile] Potions f - 3 uncursed potions of water Rings e - an uncursed +1 ring of gain wisdom (on right hand) s - an uncursed ring of shock resistance (on left hand) t - an [uncursed +1] chrysoberyl ring [of increase accuracy] Wands c - an uncursed wand of digging (0:3) Tools u - an [uncursed] lock pick y - an [uncursed +0] pick-axe z - an [uncursed tallow] candle B - an [uncursed wax] candle Spells known in the end: Name Level Category Fail Memory a - force bolt 1 attack 0% [||||||||] b - cure blindness 2 healing 85% [||||||||] Your skills at the end: Fighting Skills Weapon Skills quarterstaff [Basic / Expert] Spellcasting Skills attack spells [Basic / Expert] enchantment spells [Basic / Skilled] Final Attributes: You were devoutly aligned. Hunger level was 361. Your alignment was 18 / 18. Monster difficulty range was 0 - 5. Level difficulty was 5. You were immune to sleep. You were immune to electricity. You were magic-protected. You saw invisible. You had infravision. You were lucky (1). You are dead. Vanquished creatures: a large mimic a small mimic a shrieker 3 gnome lords 4 dwarves a monkey 2 killer bees an acid blob a coyote 2 giant rats a red mold 14 gnomes a gnome zombie a gecko 4 jackals 2 foxes a goblin 2 grid bugs 2 newts 45 creatures vanquished. Voluntary challenges: You used a wielded weapon 26 times. You read items or engraved 4 times. You put on armor 1 time. You never genocided any monsters. You never polymorphed an object. You never changed form. You used no wishes. You never wrote Elbereth's name. You never encountered a bones level. You never used any Sokoban shortcuts. Dungeon overview: The Dungeons of Doom: levels 1 to 3 Level 1 a fountain a long staircase Level 2 a jewelry store Level 3 an armor shop, a fountain stairs to The Gnomish Mines The Gnomish Mines: levels 4 to 5 Level 4 stairs to The Dungeons of Doom Level 5 <- You were here History has recorded: On T:1 you entered the Dungeons of Doom to retrieve the Amulet of Yendor! On T:242 you reached level 2 of The Dungeons of Doom. On T:356 you advanced to experience level 2. On T:450 you advanced to experience level 3. On T:468 you reached level 3 of The Dungeons of Doom. On T:965 you advanced to experience level 4. On T:1284 you reached level 1 of The Gnomish Mines. On T:1375 you advanced to experience level 5. On T:1484 you advanced to experience level 6. On T:1670 you reached level 2 of The Gnomish Mines. Latest messages: [HP+1=6] You miss the invisible dwarf. The invisible dwarf swings her pick-axe. The invisible dwarf hits! [HP-2=4] [HP+1=5] You find a bear trap. You hear some noises in the distance. [HP+1=6] The invisible dwarf is caught in a bear trap! [HP+1=7] You hear some noises in the distance. [HP+1=8] The spell misses the invisible dwarf. [HP+1=9] You miss the invisible dwarf. The invisible dwarf swings her pick-axe. The invisible dwarf hits! [HP-5=4] You miss the invisible dwarf. You hit the invisible dwarf. The invisible dwarf swings her pick-axe. The invisible dwarf hits! You die... Final status: Goodbye Zappo the Wizard... You died in The Gnomish Mines on dungeon level 5 with 2252 points, and 477 pieces of gold, after 1766 moves. You were level 6 with a maximum of 31 hit points when you died.